 Dungeon Crawl Stone Soup version 0.18-a0-596-g6468885 (webtiles) character file.

202146 M4edhros the Unseen (level 18, -4/97 HPs)
             Began as an Octopode Artificer on Dec 3, 2015.
             Was a High Priest of Fedhas.
             Blown up by an orb spider (33 damage)
             ... with an orb of destruction
             ... on level 2 of the Spider Nest on Dec 4, 2015.
             The game lasted 02:22:29 (41451 turns).

M4edhros the Unseen (Octopode Artificer)           Turns: 41451, Time: 02:22:29

Health: -4/97      AC:  8    Str: 14 (15) XL:     18   Next: 57%
Magic:  0/33       EV: 23    Int: 24 (25) God:    Fedhas [*****.]
Gold:   1701       SH:  9    Dex: 20      Spells: 11 memorised, 3 levels left

rFire  + + .     SeeInvis +     t - +9 hunting sling
rCold  + + +     Rnd*Rage +     F - +1 buckler {AC+3}
rNeg   . . .     SustAt   .     q - +0 mask of the Dragon {MR+ Slay+3 SInv}
rPois  +         Gourm    .     Q - amulet of guardian spirit
rElec  +         Spirit   +     M - ring "Bokye" {+Fly rF- Str+6 Dex-5 Slay+3}
rCorr  .         Dismiss  .     l - +4 ring of dexterity
rMut   .         Stasis   .     u - ring "Haqiall" {Ice *Contam rElec MR+ Slay+3}
MR     +++..                    I - +2 ring of dexterity
Stlth  +++++++++.               S - ring "Feoth" {rPois rF+++ MP+9 Slay-4 Stlth+}
                                Y - +6 ring of dexterity
                                L - ring of protection from cold
                                X - ring of Lyt Woi {rC+ Int+6 SInv}

@: extremely resistant to hostile enchantments, incredibly stealthy
A: almost no armour, amphibious, 8 rings, constrict 8, beak, tentacle spike 1,
thin metallic scales 1, yellow scales 1, camouflage 1, berserk 1, blurry vision
2, deterioration 1, dopey 1, fire resistance 1, frail 1, low mp 2, weak 1,
gelatinous body 1
a: Evolution, Sunlight, Growth, Reproduction, Rain, Renounce Religion, Evoke
Flight
}: 1/15 runes: decaying


You were on level 2 of the Spider Nest.
You worshipped Fedhas.
Fedhas was extremely pleased with you.
You were not hungry.

You visited 8 branches of the dungeon, and saw 38 of its levels.
You visited the Abyss 1 time.
You also visited: Labyrinth and Ice Cave.

You collected 4208 gold pieces.
You spent 2507 gold pieces at shops.

Inventory:

Hand Weapons
 b - the +6 scimitar of Flaming Death {sticky flame, rPois rF++ rC- MR+}
   (You took it off a deep elf annihilator on level 3 of the Elven Halls)

   It has been specially enchanted to burn those struck by it, causing extra
   injury to most foes and up to half again as much damage against particularly
   susceptible opponents.
   Big, fiery blades are also staple armaments of hydra-hunters.
   It greatly protects you from fire.
   It makes you vulnerable to cold.
   It protects you from poison.
   It affects your resistance to hostile enchantments.
 t - a +9 hunting sling (weapon)
 v - a +2 rapier of electrocution
Missiles
 j - 254 stones (quivered)
 m - 54 sling bullets
 x - 17 exploding sling bullets
Armour
 q - the +0 mask of the Dragon (worn) {MR+ Slay+3 SInv}
   (You found it on level 3 of the Elven Halls)

   It affects your accuracy and damage with ranged weapons and melee attacks
   (+3).
   It affects your resistance to hostile enchantments.
   It lets you see invisible.
 F - a +1 buckler of protection (worn)
Rods
 k - a -1 rod of ignition (11/11)
   (You found it on level 13 of the Dungeon)
Jewellery
 l - a +4 ring of dexterity (right tentacle)
 u - the ring "Haqiall" (on tentacle) {Ice *Contam rElec MR+ Slay+3}
   (You bought it in a shop on level 8 of the Dungeon)

   [ring of ice]

   It enhances your ice magic, and weakens your fire magic.
   It affects your accuracy and damage with ranged weapons and melee attacks
   (+3).
   It makes you vulnerable to fire.
   It protects you from cold.
   It insulates you from electricity.
   It affects your resistance to hostile enchantments.
   It causes magical contamination when unequipped.
 D - an uncursed ring of fire
 I - a +2 ring of dexterity (on tentacle)
 L - a ring of protection from cold (on tentacle)
 M - the ring "Bokye" (left tentacle) {+Fly rF- Str+6 Dex-5 Slay+3}
   (You found it in a labyrinth)

   [ring of flight]

   It affects your strength (+6).
   It affects your dexterity (-5).
   It affects your accuracy and damage with ranged weapons and melee attacks
   (+3).
   It makes you vulnerable to fire.
   It lets you fly.
 Q - an amulet of guardian spirit (around mantle)
 S - the ring "Feoth" (on tentacle) {rPois rF+++ MP+9 Slay-4 Stlth+}
   (You found it in a labyrinth)

   [ring of stealth]

   It affects your accuracy and damage with ranged weapons and melee attacks
   (-4).
   It renders you almost immune to fire.
   It protects you from poison.
   It affects your magic capacity (+9).
   It makes you more stealthy.
 X - the ring of Lyt Woi (on tentacle) {rC+ Int+6 SInv}
   (You found it on level 8 of the Lair of Beasts)

   [ring of see invisible]

   It affects your intelligence (+6).
   It protects you from cold.
   It lets you see invisible.
 Y - a +6 ring of dexterity (on tentacle)
Wands
 c - a wand of enslavement (19)
 r - a wand of confusion (34)
 G - a wand of heal wounds (3)
 J - a wand of paralysis (9)
 K - a wand of disintegration (11)
 P - a wand of cold (6)
 V - a wand of heal wounds (4)
Scrolls
 n - 2 scrolls of teleportation
 w - 3 scrolls of fear
 A - 3 scrolls of recharging
 C - 3 scrolls of fog
 E - 5 scrolls of enchant weapon
 T - 4 scrolls of blinking
 W - 11 scrolls of identify
Potions
 e - a potion of flight
 f - a potion of experience
 i - 3 potions of agility
 o - 3 potions of invisibility
 p - a potion of heal wounds
 B - 3 potions of haste
 H - 3 potions of curing
 O - 4 potions of might
 R - a potion of berserk rage
 U - 3 potions of ambrosia
Books
 Z - a book of Enchantments

   Spells                             Type                      Level
   a - Cause Fear                     Hexes                        4
   b - Yara's Violent Unravelling     Hexes/Transmutation          5
   c - Silence                        Hexes/Air                    5
   d - Deflect Missiles               Charms/Air                   6
   e - Haste                          Charms                       6
   f - Discord                        Hexes                        8
Miscellaneous
 a - a lantern of shadows
 d - a fan of gales
 s - a legendary deck of changes {the Elixir}
 y - a phial of floods
 N - a disc of storms
Comestibles
 g - a bread ration
 h - 18 fruits


   Skills:
 - Level 5.0 Fighting
 - Level 1.0 Short Blades
 + Level 12.3 Slings
 + Level 11.7 Dodging
 + Level 15.9 Stealth
 + Level 11.5 Shields
 * Level 8.8 Spellcasting
 + Level 4.4 Conjurations
 * Level 7.7 Charms
 - Level 5.0 Summonings
 - Level 4.2 Necromancy
 - Level 6.0 Translocations
 * Level 7.4 Air Magic
 + Level 12.1 Invocations
 + Level 12.8 Evocations


You had 3 spell levels left.
You knew the following spells:

 Your Spells              Type           Power        Failure   Level  Hunger
a - Summon Butterflies    Summ           ####....     1%          1    None
b - Regeneration          Chrm/Necr      #####.....   1%          3    None
c - Song of Slaying       Chrm           #####...     1%          2    None
d - Shroud of Golubria    Chrm/Tloc      #####.....   1%          2    None
e - Swiftness             Chrm/Air       #####...     1%          2    None
f - Portal Projectile     Tloc           #####.       1%          3    None
g - Blink                 Tloc           N/A          1%          2    None
h - Apportation           Tloc           #####.....   1%          1    None
i - Mephitic Cloud        Conj/Pois/Air  ####....     3%          3    None
j - Deflect Missiles      Chrm/Air       #####.....   45%         6    ######.
k - Haste                 Chrm           #####...     45%         6    ######.


Dungeon Overview and Level Annotations

Branches:
Dungeon (15/15)            Temple (1/1) D:4            Lair (8/8) D:10
  Swamp (4/4) Lair:6       Spider (2/4) Lair:5        Slime (0/6) Lair:6
    Orc (4/4) D:9             Elf (3/3) Orc:4        Vaults (0/5) D:14
 Depths (1/5) D:15

Altars:
Ashenzari
Cheibriados
Dithmenos
Elyvilon
Fedhas
Gozag
Kikubaaqudgha
Makhleb
Nemelex Xobeh
Okawaru
Pakellas
Qazlal
Ru
Sif Muna
Trog
Vehumet
Xom
Yredelemnul
Zin
The Shining One
Beogh

Shops:
D:8 =   D:10 %   D:13 !   D:15 !*:[   Orc:3 [   Orc:4 ![%*   Elf:1 %

Annotations:
D:4 Charly's ghost, amateur DDGl
D:12 exclusion: orange crystal statue, Rupert
Swamp:1 exclusion: Roxanne, Charly's ghost, journeyman DDGl; Roxanne


Innate Abilities, Weirdness & Mutations

You cannot wear most types of armour.
You are amphibious.
You can wear up to eight rings at the same time.
You can use your tentacles to constrict eight enemies at once.
Your skin changes colour to match your surroundings (Stealth).
Your rubbery body absorbs attacks (AC +1).
You have a beak for a mouth.
One of your tentacles bears a spike.
You are partially covered in thin metallic scales (AC +2).
You are partially covered in yellow scales (AC +2).
You tend to lose your temper in combat.
Scrolls take you longer to read.
Your body sometimes deteriorates upon taking damage.
You are dopey. (Int -2)
Your flesh is heat resistant.
You are frail (-10% HP).
Your magical capacity is very low (-20% MP).
You are weak. (Str -2)


Message History

You constrict the redback.
You kill the redback!
You feel sick.
Unknown command.
Drink which item? (? for menu, Esc to quit)
You feel better.
Wield which item (- for none, * to show all)? (? for menu, Esc to quit)
Your +2 rapier of electrocution stops crackling.
t - a +9 hunting sling (weapon)
You are too injured to fight recklessly!
Firing (i - inventory. (,) - cycle):
j - 255 stones (quivered)
Press: ? - help, Shift-Dir - straight line, f - orb spider
Aim: an orb spider (lightly wounded, clinging)
You shoot a stone. The stone hits the orb spider!!
The orb spider is severely wounded.
The orb spider weaves a glowing orb of energy.
An orb of destruction comes into view.
The orb of destruction hits you!
You die...
Fedhas appreciates your contribution to the ecosystem.

#.#..# ###...#.#
##..#..####.#.##..##
...#..#..#....#..#^####
......#....#..#........
#......[.#f#..######
###...###.###..# #
######f### ### #..#
#...#^(s§§.# # ##..#
s.%...(.s((@####.###..##
s.....^####...........##.##
....##. #.................
s## #. #..##...(.f.##....
.. #..##..#....# ##. ..
......##.##... ... .(....
..##.... ##... .... ......
......... s.....


You could see 2 orb spiders and a friendly wandering mushroom.

Vanquished Creatures
  Nikola (Elf:2)
  2 deep elf master archers (Elf:3)
  Frances (Swamp:1)
  Maud (D:12)
  7 deep elf sorcerers (Elf:3)
  Aizul (Swamp:3)
  Louise (D:14)
  2 deep elf annihilators (Elf:3)
  Nessos (D:12)
  3 deep elf demonologists (Elf:3)
  8 deep elf death magi
  Snorg (Lair:5)
  A minotaur (Lab)
  Erolcha (D:9)
  6 deep elf high priests (Elf:3)
  The ghost of M4edhros the Prestidigitator, a journeyman OpAr of Fedhas (D:12)
  4 ogre magi (Orc:4)
  Fannar (D:12)
  An entropy weaver (Spider:2)
  Harold (D:12)
  19 hydras
  A catoblepas (D:13)
  7 centaur warriors
  9 alligators
  An orc high priest (Orc:3)
  Sonja (Lair:4)
  Nergalle (Lair:2)
  3 wizards
  4 deep elf knights
  An iron troll (D:14)
  2 skeletal warriors (D:13)
  A fire crab (shapeshifter) (D:13)
  An unseen horror (D:15)
  5 hill giants
  5 swamp dragons (Swamp:4)
  3 orc knights
  7 deep elf summoners
  2 hornets
  A necromancer (D:15)
  An orb spider (shapeshifter) (Elf:3)
  2 griffons
  10 deep elf conjurers
  12 ugly things
  2 orb spiders
  A cyclops (D:14)
  2 orc sorcerers
  2 wolf spiders (Spider:1)
  3 manticores
  A water nymph (shapeshifter) (Elf:3)
  An elephant (shapeshifter) (D:14)
  Maurice (D:12)
  A torpor snail (Lair:6)
  A naga mage (D:15)
  8 elephants
  2 ice statues
  23 spiny frogs
  A gargoyle (D:13)
  A black mamba (Lair:6)
  2 demonic crawlers (Spider:1)
  3 fire drakes
  4 ice devils (IceCv)
  8 komodo dragons
  5 yaktaurs (D:15)
  7 trolls
  A polar bear (Lair:8)
  3 deep elf priests
  11 giant leeches
  14 slime creatures
  12 two-headed ogres
  A freezing wraith (D:15)
  4 jumping spiders
  A bog body (Swamp:4)
  19 blink frogs
  3 trapdoor spiders
  A spriggan (shapeshifter) (D:14)
  37 yaks
  13 deep elf magi
  13 redbacks
  4 tarantellas (Spider:1)
  6 wyverns
  5 spriggans
  2 shadows (Swamp:2)
  17 deep elf fighters
  2 centaur simulacra (D:15)
  6 basilisks
  16 hippogriffs
  Grum (D:11)
  10 vampire mosquitoes
  A hungry ghost (D:8)
  3 wolves
  Menkaure (D:7)
  A hell hound (Lair:6)
  A steam dragon (D:13)
  24 swamp worms
  14 water moccasins
  9 porcupines
  2 ice beasts (D:14)
  11 swamp drakes
  19 orc warriors
  A soldier ant (D:15)
  3 black bears
  45 ogres
  3 sky beasts
  2 phantoms
  9 wasps
  12 centaurs
  A big kobold (D:11)
  An eye of draining (D:9)
  14 crocodiles
  27 giant frogs
  5 scorpions
  11 wights
  12 killer bees
  4 electric eels
  A troll skeleton (Lab)
  4 crimson imps
  2 spriggan skeletons (Lab)
  7 hounds
  A gnoll shaman (D:6)
  11 orc priests
  3 hell rats (Lair:4)
  4 jellies
  6 worker ants
  8 centaur skeletons
  3 giant frog skeletons (D:12)
  2 two-headed ogre skeletons (D:9)
  15 iguanas
  16 orc wizards
  15 sheep
  An ogre skeleton (Lab)
  2 hound skeletons (D:7)
  A mummy (D:7)
  11 gnolls
  12 adders
  37 river rats
  2 shadow imps
  5 white imps (IceCv)
  5 ufetubi (IceCv)
  An ooze (D:2)
  2 worms (D:2)
  An adder skeleton (D:6)
  2 giant geckos
  116 orcs
  4 giant cockroaches
  6 goblins
  6 hobgoblins
  6 quokkas
  A ball python (D:2)
  5 bats
  A giant gecko skeleton (D:7)
  4 giant newts
  17 jackals
  12 kobolds
  A quokka skeleton (D:3)
  7 rats
  A spectral orc (D:3)
  4 ballistomycetes (Swamp:4)
  2 giant spores (Elf:3)
  A hyperactive ballistomycete (Swamp:4)
  2 toadstools
1037 creatures vanquished.

Vanquished Creatures (collateral kills)
  3 deep elf blademasters (Elf:3)
  A deep elf master archer (Elf:3)
  4 deep elf sorcerers (Elf:3)
  A deep elf annihilator (Elf:3)
  2 deep elf demonologists (Elf:3)
  2 deep elf death magi (Elf:3)
  The ghost of 4thArraOfDagon the Spear-Bearer, a journeyman CeAE of the Shining One (D:13)
  A vault guard (D:14)
  A deep elf high priest (Elf:3)
  A catoblepas (Lair:6)
  3 hydras
  A dancing weapon (Elf:2)
  A centaur warrior (D:15)
  2 deep elf knights
  An orc high priest (Orc:2)
  3 wandering mushrooms
  2 skeletal warriors (D:13)
  2 deep elf summoners (Elf:3)
  A hill giant (D:8)
  A deep elf conjurer (Elf:3)
  An ugly thing (Swamp:3)
  6 elephants
  A griffon (Lair:3)
  A black mamba (Lair:6)
  2 gargoyles
  9 spiny frogs
  8 ice devils (IceCv)
  7 two-headed ogres
  3 giant leeches (Lair:8)
  A troll (D:13)
  3 slime creatures (D:12)
  8 blink frogs
  2 wyverns
  10 yaks
  2 deep elf magi (Elf:3)
  A wraith (D:13)
  The ghost of 4thArraOfDagon the Sneak, an amateur FeFi (D:6)
  A basilisk (Lair:6)
  A deep elf fighter (Elf:3)
  2 hippogriffs
  A hungry ghost (D:12)
  6 vampire mosquitoes
  5 wolves
  2 ice beasts
  3 water moccasins
  4 ogres
  A porcupine (Lair:4)
  2 orc warriors (Orc:2)
  4 crocodiles
  3 giant frogs (Lair:8)
  A gnoll sergeant (D:11)
  A killer bee (D:8)
  5 wights
  An electric eel (Lair:8)
  A crimson imp (D:8)
  An orc wizard (Orc:4)
  2 orc priests
  2 iguanas
  A giant frog skeleton (D:7)
  3 hell rats (Lair:4)
  A worker ant (D:14)
  4 sheep (Lair:7)
  3 gnolls
  5 river rats (Lair:8)
  A white imp (IceCv)
  8 orcs
  3 jackals (D:8)
  2 quokkas
  A ballistomycete (Elf:3)
  9 giant spores
  4 hyperactive ballistomycetes
194 creatures vanquished.

Vanquished Creatures (others)
  2 thorn hunters (Swamp:4)
  4 oklob plants
  A hydra (Swamp:3)
  An alligator (Swamp:1)
  2 swamp dragons (Swamp:4)
  40 wandering mushrooms
  4 bog bodies
  A wyvern (Lair:6)
  A wasp (Swamp:4)
  2 necrophages
  2 white imps (IceCv)
  4 ufetubi (IceCv)
  A kobold (D:2)
  35 ballistomycetes
  A bush (Lair:8)
  37 fungi
  8 giant spores
  3 hyperactive ballistomycetes
  11 plants
  1098 toadstools
1258 creatures vanquished.

Grand Total: 2489 creatures vanquished

Notes
Turn   | Place    | Note
--------------------------------------------------------------
     0 | D:1      | M4edhros the Octopode Artificer began the quest for the Orb.
     0 | D:1      | Reached XP level 1. HP: 13/13 MP: 3/3
   125 | D:1      | Reached XP level 2. HP: 18/18 MP: 4/4
   703 | D:2      | Reached skill level 4 in Evocations
   753 | D:2      | Reached XP level 3. HP: 23/23 MP: 6/6
  1556 | D:2      | Found a sparkling altar of Nemelex Xobeh.
  1652 | D:3      | Reached XP level 4. HP: 7/28 MP: 7/7
  1953 | D:2      | Found an oddly glowing altar of Pakellas.
  2331 | D:3      | Reached skill level 1 in Slings
  2420 | D:3      | Reached XP level 5. HP: 18/33 MP: 8/8
  2884 | D:4      | Found a blossoming altar of Fedhas.
  3113 | D:4      | Noticed Charly's ghost (amateur DDGl)
  3225 | D:4      | Found a sacrificial altar of Ru.
  3244 | D:4      | Found a staircase to the Ecumenical Temple.
  3265 | Temple   | Entered the Ecumenical Temple
  3542 | Temple   | Became a worshipper of Fedhas Madash
  3721 | D:2      | Reached XP level 6. HP: 16/38 MP: 9/9
  3879 | D:3      | Found an iron altar of Okawaru.
  3905 | D:3      | Found a basalt altar of Yredelemnul.
  3961 | D:3      | Reached skill level 5 in Stealth
  4088 | D:3      | Reached * piety under Fedhas
  4117 | D:4      | Reached skill level 5 in Evocations
  4687 | D:4      | Reached skill level 1 in Invocations
  4687 | D:4      | Reached XP level 7. HP: 13/43 MP: 10/10
  5006 | D:5      | Entered Level 5 of the Dungeon
  5006 | D:5      | Found a sacrificial altar of Ru.
  5153 | D:5      | Found a burning altar of Makhleb.
  5153 | D:5      | Found a sparkling altar of Nemelex Xobeh.
  5412 | D:5      | Reached skill level 6 in Stealth
  5534 | D:6      | Reached XP level 8. HP: 48/48 MP: 12/12
  5562 | D:6      | Found a snail-covered altar of Cheibriados.
  5812 | D:6      | Noticed 4thArraOfDagon's ghost (amateur FeFi)
  5817 | D:6      | Killed 4thArraOfDagon's ghost
  5833 | D:6      | Reached skill level 5 in Slings
  5867 | D:6      | Found a white marble altar of Elyvilon.
  6216 | D:6      | Found an ancient bone altar of Kikubaaqudgha.
  6218 | D:6      | Found a deep blue altar of Sif Muna.
  6218 | D:6      | Found a radiant altar of Vehumet.
  6223 | D:6      | Identified Vehumet's Grimoire of Conjuration
  6230 | D:6      | Identified Kikubaaqudgha's Incunabulum of Evil Arts
  6237 | D:6      | Identified Sif Muna's Incunabulum of Companions
  6240 | D:6      | Learned a level 1 spell: Summon Butterflies
  6310 | D:6      | Reached skill level 7 in Stealth
  6410 | D:7      | Noticed Menkaure
  6415 | D:7      | Killed Menkaure
  6415 | D:7      | Reached skill level 5 in Dodging
  6415 | D:7      | Reached XP level 9. HP: 46/53 MP: 13/13
  7277 | D:8      | Found Xorasass's Jewellery Emporium.
  7371 | D:8      | Reached ** piety under Fedhas
  7438 | D:8      | Reached skill level 5 in Invocations
  7595 | D:8      | Noticed a hill giant
  7607 | D:8      | Killed a hill giant
  7607 | D:8      | Reached skill level 8 in Stealth
  8003 | D:8      | Gained mutation: You are frail (-10% HP). [mutagenic meat]
  8177 | D:9      | Found a staircase to the Orcish Mines.
  8252 | D:9      | Found a bloodstained altar of Trog.
  8266 | D:9      | Reached XP level 10. HP: 52/52 MP: 0/15
  8326 | D:9      | Found a shimmering altar of Xom.
  8412 | D:9      | Reached skill level 9 in Stealth
  8529 | D:9      | Noticed Erolcha
  8546 | D:9      | Killed Erolcha
  8691 | D:9      | Reached XP level 11. HP: 56/56 MP: 17/17
  8852 | D:9      | Found a stormy altar of Qazlal.
  8958 | D:10     | Entered Level 10 of the Dungeon
  9053 | D:10     | Reached skill level 10 in Stealth
  9094 | D:10     | Found a staircase to the Lair.
  9105 | D:10     | Reached *** piety under Fedhas
  9157 | D:10     | Got a warped flail
  9158 | D:10     | Identified the +8 flail of Perfectionism {crush, rF++} (You found it on level 10 of the Dungeon)
  9397 | D:10     | Found Deep's Food Shoppe.
 10352 | D:11     | Learned a level 3 spell: Regeneration
 10480 | D:11     | Noticed Grum
 10498 | D:11     | Killed Grum
 10740 | D:11     | Reached **** piety under Fedhas
 10785 | D:12     | Noticed M4edhros's ghost (journeyman OpAr)
 10878 | D:12     | Reached skill level 1 in Charms
 10882 | D:12     | Reached skill level 1 in Summonings
 10912 | D:12     | Noticed Nessos
 10915 | D:12     | Killed M4edhros's ghost
 10915 | D:12     | Reached skill level 1 in Necromancy
 10922 | D:12     | Noticed Maurice
 10928 | D:12     | Killed Maurice
 10934 | D:12     | Killed Nessos
 10934 | D:12     | Reached skill level 10 in Slings
 10934 | D:12     | Reached skill level 1 in Spellcasting
 10980 | D:12     | Learned a level 2 spell: Song of Slaying
 10990 | D:12     | Noticed Harold
 11083 | D:12     | Found a frozen archway.
 11316 | IceCv    | Entered an ice cave
 11900 | IceCv    | Reached XP level 12. HP: 47/63 MP: 14/18
 12055 | IceCv    | Reached skill level 11 in Stealth
 13391 | IceCv    | Got an ancient glaive
 13940 | D:12     | Noticed Rupert
 13948 | D:12     | Paralysed by Rupert for 6 turns
 13958 | D:12     | Paralysed by Rupert for 4 turns
 14112 | Orc:1    | Entered Level 1 of the Orcish Mines
 14350 | Orc:2    | Noticed an orc high priest
 14419 | Orc:2    | Killed an orc high priest
 14419 | Orc:2    | Reached skill level 1 in Shields
 14765 | Lair:1   | Entered Level 1 of the Lair of Beasts
 16177 | Lair:2   | Noticed Nergalle
 16203 | Lair:2   | Killed Nergalle
 16412 | Lair:3   | Found a labyrinth entrance.
 16443 | Lab      | Entered a labyrinth
 16538 | Lab      | Noticed a minotaur
 16578 | Lab      | Killed a minotaur
 16578 | Lab      | Reached skill level 12 in Stealth
 16578 | Lab      | Reached XP level 13. HP: 71/71 MP: 20/20
 16601 | Lab      | Got a smoking jade ring
 16601 | Lab      | Got a shimmering platinum ring
 16605 | Lab      | Identified the ring "Feoth" {rPois rF+++ MP+9 Slay-4 Stlth+} (You found it in a labyrinth)
 16606 | Lab      | Identified the ring "Bokye" {+Fly rF- Str+6 Dex-5 Slay+3} (You found it in a labyrinth)
 16983 | Lair:3   | Reached skill level 10 in Evocations
 17256 | Lair:3   | Found a snail-covered altar of Cheibriados.
 17461 | Lair:4   | Reached ***** piety under Fedhas
 17846 | Lair:4   | Noticed Sonja
 17875 | Lair:4   | Killed Sonja
 18306 | D:8      | Bought the ring "Haqiall" {Ice *Contam rElec MR+ Slay+3} for 722 gold pieces
 18405 | D:7      | Learned a level 2 spell: Shroud of Golubria
 18408 | D:7      | Learned a level 2 spell: Swiftness
 19228 | Lair:5   | Learned a level 3 spell: Portal Projectile
 19231 | Lair:5   | Learned a level 2 spell: Blink
 19233 | Lair:5   | Learned a level 1 spell: Apportation
 19309 | Lair:5   | Found a hole to the Spider Nest.
 19482 | Lair:5   | Noticed Snorg
 19497 | Lair:5   | Killed Snorg
 19497 | Lair:5   | Reached skill level 5 in Shields
 19581 | Lair:5   | Reached skill level 5 in Charms
 19963 | Lair:7   | Reached skill level 5 in Summonings
 20278 | Lair:7   | Reached skill level 5 in Fighting
 20649 | Lair:7   | Reached XP level 14. HP: 75/75 MP: 21/21
 20654 | Lair:7   | Reached skill level 1 in Air Magic
 20757 | Lair:7   | Identified a scroll of acquirement
 20953 | Lair:7   | Reached skill level 1 in Translocations
 21590 | Lair:6   | Found a staircase to the Slime Pits.
 21597 | Lair:6   | Reached skill level 13 in Stealth
 22329 | Lair:6   | Found a staircase to the Swamp.
 23013 | Lair:8   | Entered Level 8 of the Lair of Beasts
 23244 | Lair:8   | Reached ****** piety under Fedhas
 23727 | Lair:8   | Got a translucent brass ring
 23728 | Lair:8   | Identified the ring of Lyt Woi {rC+ Int+6 SInv} (You found it on level 8 of the Lair of Beasts)
 24242 | Lair:8   | Got a translucent hat
 24248 | Lair:8   | Identified the +1 hat of Noon {rF+ rCorr Int+3 Dex-2} (You acquired it on level 8 of the Lair of Beasts)
 24551 | Swamp:1  | Entered Level 1 of the Swamp
 24760 | Swamp:1  | Noticed Charly's ghost (journeyman DDGl)
 25243 | Swamp:1  | Noticed Roxanne
 25630 | Orc:3    | Reached XP level 15. HP: 74/82 MP: 14/23
 25638 | Orc:3    | Reached skill level 10 in Invocations
 25957 | Orc:3    | Found a roughly hewn altar of Beogh.
 25987 | Orc:3    | Found Gygat's Armour Boutique.
 26184 | Orc:3    | Reached skill level 10 in Dodging
 26423 | Orc:4    | Entered Level 4 of the Orcish Mines
 26428 | Orc:4    | Found a staircase to the Elven Halls.
 26704 | Orc:4    | Reached skill level 5 in Spellcasting
 26758 | Orc:4    | Found Qeclox's Armour Boutique.
 26758 | Orc:4    | Found Huajen's Distillery.
 26768 | Orc:4    | Found Datiemyp's Food Boutique.
 26768 | Orc:4    | Found Gideyram's General Store.
 26863 | Orc:4    | Bought a potion of mutation for 25 gold pieces
 26863 | Orc:4    | Gained mutation: You have a beak for a mouth. [potion of mutation]
 26863 | Orc:4    | Gained mutation: You tend to lose your temper in combat. [potion of mutation]
 27304 | Elf:1    | Entered Level 1 of the Elven Halls
 27822 | Elf:2    | Noticed Nikola
 27847 | Elf:3    | Entered Level 3 of the Elven Halls
 27859 | Elf:3    | Gained mutation: You are weak. (Str -2) [mutagenic meat]
 27860 | Elf:3    | Gained mutation: You can translocate small distances at will. [mutagenic meat]
 27861 | Elf:3    | Gained mutation: Scrolls take you a little longer to read. [mutagenic meat]
 27862 | Elf:3    | Gained mutation: You can spit weak poison. [mutagenic meat]
 28632 | Elf:3    | Noticed a deep elf sorcerer
 28641 | Elf:3    | Noticed a deep elf sorcerer
 28642 | Elf:3    | Noticed a deep elf sorcerer
 28835 | Elf:3    | Noticed a deep elf master archer
 28844 | Elf:3    | Killed a deep elf master archer
 28851 | Elf:3    | Killed a deep elf sorcerer
 28855 | Elf:3    | Killed a deep elf sorcerer
 28950 | Elf:3    | Killed a deep elf sorcerer
 28950 | Elf:3    | Reached skill level 14 in Stealth
 28990 | Elf:3    | Noticed a deep elf sorcerer
 28995 | Elf:3    | Noticed a deep elf sorcerer
 28995 | Elf:3    | Killed a deep elf sorcerer
 28997 | Elf:3    | Cast into level 3 of the Abyss (a deep elf sorcerer)
 29032 | Elf:3    | Escaped the Abyss
 29051 | Elf:3    | Killed a deep elf sorcerer
 29057 | Elf:3    | Noticed a Shadow Fiend
 29075 | Elf:3    | Reached skill level 5 in Translocations
 29083 | Elf:3    | Noticed a deep elf sorcerer
 29086 | Elf:3    | Killed a deep elf sorcerer
 29252 | Elf:3    | Gained mutation: You are resistant to hostile enchantments. [potion of mutation]
 29252 | Elf:3    | Gained mutation: Your flesh is heat resistant. [potion of mutation]
 29266 | Elf:3    | Noticed a deep elf sorcerer
 29318 | Elf:3    | Noticed a deep elf master archer
 29327 | Elf:3    | Reached XP level 16. HP: 88/88 MP: 22/24
 29378 | Elf:3    | Killed a deep elf master archer
 29383 | Elf:3    | Noticed a deep elf master archer
 29392 | Elf:3    | Killed a deep elf master archer
 29392 | Elf:3    | Reached skill level 5 in Air Magic
 29427 | Elf:3    | Noticed a deep elf blademaster
 29446 | Elf:3    | Killed a deep elf blademaster
 29782 | Elf:3    | Noticed a deep elf blademaster
 29803 | Elf:3    | Killed a deep elf blademaster
 30053 | Elf:3    | Noticed an Executioner
 30147 | Elf:3    | Noticed a deep elf blademaster
 30257 | Elf:3    | Killed a deep elf blademaster
 30560 | Elf:3    | Reached skill level 10 in Shields
 30601 | Elf:3    | Learned a level 3 spell: Mephitic Cloud
 30772 | Elf:3    | Got a transparent morningstar
 30775 | Elf:3    | Identified the cursed +0 morningstar "Puecedekk" {venom, rF+ Str+3 SInv} (You found it on level 3 of the Elven Halls)
 30788 | Elf:3    | Lost mutation: You tend to lose your temper in combat. [potion of cure mutation]
 30788 | Elf:3    | Lost mutation: You are frail (-10% HP). [potion of cure mutation]
 30788 | Elf:3    | Lost mutation: You are resistant to hostile enchantments. [potion of cure mutation]
 30788 | Elf:3    | Lost mutation: You can translocate small distances at will. [potion of cure mutation]
 31027 | Elf:1    | Found Unuary's Food Boutique.
 31037 | Elf:1    | Bought a bread ration for 65 gold pieces
 31037 | Elf:1    | Bought a bread ration for 65 gold pieces
 31037 | Elf:1    | Bought a bread ration for 65 gold pieces
 31037 | Elf:1    | Bought a bread ration for 65 gold pieces
 31193 | Elf:1    | Reached skill level 1 in Conjurations
 31793 | Elf:2    | Killed Nikola
 32341 | D:12     | Noticed Fannar
 32355 | D:12     | Killed Fannar
 32424 | D:12     | Noticed Maud
 32511 | D:12     | Killed Maud
 32511 | D:12     | Reached XP level 17. HP: 100/103 MP: 27/27
 32630 | D:12     | Killed Harold
 33143 | D:13     | Found Itaux's Distillery.
 33154 | D:13     | Bought a potion of experience for 950 gold pieces
 33238 | D:13     | Reached skill level 15 in Stealth
 33255 | D:13     | Identified a -1 rod of ignition (11/11) (You found it on level 13 of the Dungeon)
 33743 | D:13     | Noticed 4thArraOfDagon's ghost (journeyman CeAE)
 33781 | D:13     | Killed 4thArraOfDagon's ghost
 33816 | D:13     | Found an ancient bone altar of Kikubaaqudgha.
 34827 | D:14     | Noticed Louise
 34856 | D:14     | Killed Louise
 35149 | D:14     | Found a gate to the Vaults.
 35240 | D:14     | Gained mutation: You are frail (-10% HP). [potion of mutation]
 35240 | D:14     | Gained mutation: One of your tentacles bears a spike. [potion of mutation]
 35240 | D:14     | Gained mutation: You tend to lose your temper in combat. [potion of mutation]
 35366 | D:15     | Entered Level 15 of the Dungeon
 35553 | D:15     | Found Hiereer's Distillery.
 35735 | D:15     | Lost mutation: You can spit weak poison. [mutagenic meat]
 35737 | D:15     | Gained mutation: You are partially covered in yellow scales (AC +2). [mutagenic meat]
 35739 | D:15     | Gained mutation: Scrolls take you longer to read. [mutagenic meat]
 35747 | D:15     | Gained mutation: Your magical capacity is low (-10% MP). [mutagenic meat]
 35748 | D:15     | Gained mutation: Your body sometimes deteriorates upon taking damage. [mutagenic meat]
 35752 | D:15     | Found Saylywotz's General Store.
 36170 | D:15     | Found Sam Buus's Book Emporium.
 36170 | D:15     | Found Piablum's Armour Boutique.
 36186 | D:15     | Bought a book of Enchantments for 550 gold pieces
 36193 | D:15     | Learned a level 6 spell: Deflect Missiles
 36271 | D:15     | Found a staircase to the Depths.
 36468 | Depths:1 | Entered Level 1 of the Depths
 38118 | Swamp:3  | Noticed Aizul
 38142 | Swamp:3  | Killed Aizul
 38243 | Swamp:3  | Reached XP level 18. HP: 68/97 MP: 27/27
 38293 | Swamp:3  | Gained mutation: You are partially covered in thin metallic scales (AC +2). [mutagenic meat]
 38295 | Swamp:3  | Gained mutation: You are dopey. (Int -2) [mutagenic meat]
 38296 | Swamp:3  | Gained mutation: Your magical capacity is very low (-20% MP). [mutagenic meat]
 38726 | Swamp:4  | Entered Level 4 of the Swamp
 39197 | Swamp:4  | Got a decaying rune of Zot
 39212 | Swamp:4  | Learned a level 6 spell: Haste
 40080 | Swamp:1  | Noticed Frances
 40091 | Swamp:1  | Killed Frances
 40435 | Spider:1 | Entered Level 1 of the Spider Nest
 41323 | Spider:1 | You fall through a shaft!
 41451 | Spider:2 | Blown up by an orb spider

Vault maps used:
D:1:      eino_arrival_cavern_c
D:2:      lemuel_doored_altar, nemelex_lonely_heart_becter
D:3:      okawaru_metal_pillars_1_2, yredelemnul_forgotten_temple_becter,
          serial_corexii_hall, corexii_hall_statues_x, corexii_hall_statues_u,
          first_bread
D:4:      kennysheep_mini_moat, minmay_temple_entry_junction, fedhas_altar_1
D:5:      gammafunk_temple_overflow_pools, basic_altar
D:6:      grunt_temple_overflow_magic_moments, old_standard_altar,
          elyvilon_altar_4, corexii_leaking_fountain
D:7:      serial_undead, serial_undead_a, serial_undead_a, serial_undead_b,
          serial_undead_a, uniq_menkaure
D:8:      serial_shops, shop
D:9:      lemuel_ogre_cave, kennysheep_mini, xom_teletrap_fun, orc_0_dummy,
          trog_eyes_of_draining
D:10:     dpeg_lair_monsters, serial_shops, shop
D:11:     blue_anna_alchemist, uniq_grum
D:12:     minmay_statue_hallways, portal_ice_cave_entry_ice_statue_01,
          uniq_maurice, uniq_nessos, uniq_maud, uniq_fannar, uniq_harold,
          uniq_rupert
D:13:     basic_altar, serial_shops, shop, uniq_erolcha
D:14:     david_vaults_4, minmay_misc_feat_alley, uniq_louise
D:15:     grunt_enter_depths_magical_seal, serial_shops, shop,
          nicolae_shop_trees, shop, shop, minivault_19
Temple:   temple_island_7
Lair:1:   serial_bayou_shore_a
Lair:2:   uniq_nergalle
Lair:3:   basic_altar, lab_entry_generic
Lair:4:   uniq_sonja
Lair:5:   nicolae_spider_entry_orb_guardian, uniq_snorg
Lair:6:   nicolae_swamp_entry_splash_gauntlet, slime_dummy
Lair:7:   grunt_megastairs_5
Lair:8:   minmay_lair_end_frog_pond
Swamp:1:  nicolae_swamp_treefoil, uniq_frances, uniq_roxanne
Swamp:2:  evilmike_swamp_ruin_house_3, swamp_pool3
Swamp:3:  evilmike_swamp_ruin_rubble_2, swamp_pool5, uniq_aizul
Swamp:4:  swamp_alternative, swamp_pool2
Spider:2: hangedman_spider_tarantella_strand
Orc:1:    basic_altar, serial_shops, shop_fountains, hangedman_feature_mirror,
          nicolae_orc_damp_corner
Orc:2:    led_sif_book
Orc:3:    serial_shops, nicolae_shop_waterfront, nicolae_orc_pool_cavern,
          lemuel_statue_altar
Orc:4:    st_orc_ogre_mass
Elf:1:    serial_shops, shop, minmay_elf_crystal_heptagon
Elf:2:    uniq_nikola
Elf:3:    nooodl_elf_gasket, minivault_24
Depths:1: rand_demon_pan_entry_8, abyss_entry_small_statue_room,
          pf_hell_entry_tar_spiral, lemuel_flamethrower_2
Abyss:3:  nicolae_abyss_rune_containment_breach
Lab:      labyrinth_spiral, nicolae_lab_garden
IceCv:    ice_cave_small_demon

Action                   |  1- 3 |  4- 6 |  7- 9 | 10-12 | 13-15 | 16-18 || total
-------------------------+-------+-------+-------+-------+-------+-------++-------
Melee: Short sword       |    51 |       |       |       |       |       ||    51
       Hunting sling     |     5 |     2 |       |       |       |       ||     7
       Dagger            |       |    48 |     1 |    68 |    40 |    22 ||   179
       Flail             |       |       |       |     3 |       |       ||     3
       Rapier            |       |       |       |       |       |   193 ||   193
       Scimitar          |       |       |       |       |       |    95 ||    95
 Fire: Hunting sling     |    22 |   123 |   391 |   936 |  1574 |  1229 ||  4275
 Cast: Regeneration      |       |       |       |       |     8 |    28 ||    36
       Portal Projectile |       |       |       |       |     2 |     5 ||     7
       Swiftness         |       |       |       |       |       |     1 ||     1
       Mephitic Cloud    |       |       |       |       |       |    10 ||    10
Invok: Evolution         |       |       |     4 |    15 |    34 |    25 ||    78
       Sunlight          |       |       |     1 |     4 |     4 |     1 ||    10
       Growth            |       |       |       |     3 |     4 |       ||     7
       Reproduction      |       |       |       |       |    10 |     5 ||    15
       Rain              |       |       |       |       |     6 |     4 ||    10
Evoke: Wand              |     6 |     1 |     2 |    28 |     9 |    13 ||    59
       Rod               |       |       |       |       |       |     1 ||     1
       Phantom mirror    |       |       |       |       |       |     1 ||     1
  Use: Scroll            |     5 |     8 |     7 |     7 |    17 |    17 ||    61
       Potion            |       |     6 |     4 |     6 |     9 |     7 ||    32
 Stab: Sleeping          |     8 |     1 |     1 |     5 |     8 |    29 ||    52
       Paralysed         |     2 |       |       |       |       |       ||     2
       Distracted        |       |     1 |       |       |       |     3 ||     4
       Confused          |       |       |       |     3 |       |     5 ||     8
  Eat: Bread ration      |     1 |     1 |     3 |     2 |     3 |     3 ||    13
       Chunk             |       |     2 |     1 |       |    12 |    28 ||    43
       Beef jerky        |       |       |     1 |     1 |     3 |     2 ||     7
       Meat ration       |       |       |       |     2 |     2 |     4 ||     8
       Pizza             |       |       |       |     1 |     4 |       ||     5
       Royal jelly       |       |       |       |       |       |     1 ||     1
